 Dungeon Crawl Stone Soup version 0.31.0-11-ge490571c62 (webtiles) character file.

Game seed: 5150818989497950505

324 qw the Shooter (level 6, -5/30 HPs)
             Began as a Spriggan Hunter on Feb 4, 2024.
             Killed by divine providence
             ... invoked by an orc priest
              (8 damage)
             ... on level 4 of the Dungeon.
             The game lasted 00:00:11 (2980 turns).

qw the Shooter (Spriggan Hunter)                    Turns: 2980, Time: 00:00:12

Health: -5/30      AC:  3    Str:  7    XL:     6   Next: 23%
Magic:  7/7        EV: 20    Int: 11    God:
Gold:   142        SH:  0    Dex: 20    Spells: 5/5 levels left

rFire   + . .        a - +1 shortbow
rCold   . . .        (shield currently unavailable)
rNeg    . . .        c - +0 robe
rPois   .            (helmet restricted)
rElec   .            h - +0 cloak
rCorr   .            (gloves unavailable)
SInv    +            (boots unavailable)
Will    +....        (no amulet)
Stlth   ++           f - ring of protection from fire
HPRegen 0.25/turn    (no ring)
MPRegen 0.10/turn

%: no passive effects
@: very quick
A: very small, no large weapons, unfitting armour, see invisible, speed 3
a: no special abilities


You were on level 4 of the Dungeon.
You visited 1 branch of the dungeon, and saw 4 of its levels.

You collected 142 gold pieces.


Innate Abilities, Weirdness & Mutations

You are very small and have problems with some larger weapons.
You are too small for most types of armour.
You have supernaturally acute eyesight. (SInv)
You cover ground extremely quickly. (Speed+++)


   Skills:
 - Level 2.1 Fighting
 - Level 6.3 Ranged Weapons
 + Level 5.4 Dodging
 - Level 1.5 Stealth


You had 5 spell levels left.
You didn't know any spells.
Your spell library was empty.

Inventory:

Hand Weapons
 a - a +1 shortbow (weapon)
Armour
 c - a +0 robe (worn)
 h - a +0 cloak (worn)
Jewellery
 f - a ring of protection from fire (left hand)
Potions
 d - a potion of might {unknown}
 g - a potion of resistance {unknown}
 l - a potion of curing {unknown}

Dungeon Overview and Level Annotations

Branches:
Dungeon (4/15)
 Temple: D:4-7

Altars:
Yredelemnul


Message History

The orc priest looks satisfied for a moment.
Enter note:
Enter note:
2970 ||| RETREEEEATING.
Enter note:
Enter note:
2971 ||| RETREEEEATING.
Enter note:
Enter note:
2972 ||| RETREEEEATING.
Enter note:
Enter note:
2973 ||| RETREEEEATING.
There is an open door here.
Enter note:
Enter note:
2974 ||| RETREEEEATING.
The orc priest mumbles some strange prayers to Beogh against you.
Beogh smites you!
Enter note:
Enter note:
2975 ||| RETREEEEATING.
You shoot an arrow. The arrow hits the orc wizard.
The orc wizard is moderately wounded.
You shoot an arrow. The arrow hits the adder!
The adder is severely wounded.
The adder bites you.
You shoot an arrow. The arrow closely misses the adder.
The adder bites you but does no damage.
You shoot an arrow. The arrow hits the adder!
You kill the adder!
The orc priest mumbles some strange prayers to Beogh against you.
Beogh smites you!
You shoot an arrow.
The arrow hits the orc wizard but does no damage.
The orc wizard is moderately wounded.
The orc wizard hits you but does no damage.
The orc priest invokes the aid of Beogh against you.
Beogh smites you!
You die...

.........$........#
.....>...........#
..#.....o........
#..............
#..............
#......%.......
#.....o%....%..........
#....##s#####..........
#....##oo@.##...........
#....#####.##...........
###### #.##...........
#.##...........
#..#...........
##.............
#####.#...### #.....#
##....#


You could see a scorpion, an orc priest and 2 orc wizards.

Vanquished Creatures
  A black bear (D:4)
  2 orc priests (D:3)
  A hound (D:4)
  4 gnolls (D:2)
  2 adders
  4 ribbon worms
  9 orcs
  4 bats
  4 endoplasms
  3 giant cockroaches
  4 goblins
  8 hobgoblins
  4 jackals
  6 kobolds
  A quokka (D:1)
  7 ball pythons
  3 frilled lizards (D:1)
  7 rats
74 creatures vanquished.

Notes
Turn   | Place    | Note
-------+----------+-------------------------------------------
     0 | D:1      | qw the Spriggan Hunter began the quest for the Orb.
     0 | D:1      | Reached XP level 1. HP: 10/10 MP: 2/2
     0 | D:1      | 0 ||| qw: Version: 0.3-a-160-g6735b56
     0 | D:1      | 0 ||| qw: Game counter: 4778
     0 | D:1      | 0 ||| qw: Melee chars always use a shield: true
     0 | D:1      | 0 ||| qw: God list: Okawaru
     0 | D:1      | 0 ||| qw: Allow faded altars: false
     0 | D:1      | 0 ||| qw: Do Orc after clearing Dungeon:15 true
     0 | D:1      | 0 ||| qw: Do second Lair branch before Depths: true
     0 | D:1      | 0 ||| qw: Lair rune preference: random
     0 | D:1      | 0 ||| qw: Goals: Normal
     0 | D:1      | 0 ||| PLANNING D:1-11
    14 | D:1      | Reached skill level 3 in Dodging
    81 | D:1      | Reached XP level 2. HP: 14/14 MP: 3/3
   258 | D:1      | HP: 3/14 [jackal (1)]
   494 | D:1      | Reached XP level 3. HP: 18/18 MP: 4/4
   659 | D:1      | 659 ||| READING scroll labelled PEAB BUXIE.
   760 | D:1      | 760 ||| READING 2 scrolls labelled ACOTIR ULOIJOI.
   760 | D:1      | 760 ||| IDENTIFYING pink potion
   761 | D:1      | 761 ||| READING scroll of identify.
   761 | D:1      | 761 ||| IDENTIFYING fuming amethyst potion
   762 | D:1      | 762 ||| DROPPING scroll of butterflies.
   763 | D:1      | 763 ||| DROPPING potion of lignification.
   799 | D:2      | 799 ||| RETREEEEATING.
   801 | D:2      | 801 ||| RETREEEEATING.
   803 | D:2      | 803 ||| RETREEEEATING.
   815 | D:2      | Reached skill level 5 in Ranged Weapons
   817 | D:2      | Reached XP level 4. HP: 12/22 MP: 5/5
   956 | D:2      | 956 ||| UPGRADING to ring of protection from fire.
   957 | D:2      | 957 ||| READING scroll labelled XOBLEL LUVO.
   958 | D:2      | 958 ||| READING scroll labelled HOILUM DAFOBA.
   966 | D:2      | 966 ||| READING scroll labelled XAROLL GUACWUNT.
  1438 | D:2      | 1438 ||| READING scroll labelled ASUERA QYUNAOKH.
  1786 | D:2      | 1786 ||| UPGRADING to +0 cloak.
  2057 | D:3      | Reached XP level 5. HP: 26/26 MP: 6/6
  2197 | D:3      | Found a basalt altar of Yredelemnul.
  2559 | D:3      | 2559 ||| FLEEEEING.
  2560 | D:3      | 2560 ||| FLEEEEING.
  2561 | D:3      | 2561 ||| FLEEEEING.
  2562 | D:3      | 2562 ||| FLEEEEING.
  2563 | D:3      | 2563 ||| FLEEEEING.
  2564 | D:3      | 2564 ||| FLEEEEING.
  2565 | D:3      | 2565 ||| FLEEEEING.
  2566 | D:3      | 2566 ||| FLEEEEING.
  2567 | D:3      | 2567 ||| FLEEEEING.
  2568 | D:3      | 2568 ||| FLEEEEING.
  2569 | D:3      | 2569 ||| FLEEEEING.
  2570 | D:3      | 2570 ||| FLEEEEING.
  2571 | D:3      | 2571 ||| FLEEEEING.
  2572 | D:3      | 2572 ||| FLEEEEING.
  2577 | D:3      | 2577 ||| FLEEEEING.
  2578 | D:3      | 2578 ||| FLEEEEING.
  2580 | D:3      | 2580 ||| FLEEEEING.
  2581 | D:3      | 2581 ||| FLEEEEING.
  2582 | D:3      | 2582 ||| FLEEEEING.
  2584 | D:3      | 2584 ||| FLEEEEING.
  2624 | D:3      | Found the +7 staff of the Meek {protect, meekguard}
  2757 | D:3      | 2757 ||| READING scroll of identify.
  2757 | D:3      | 2757 ||| IDENTIFYING ruby potion
  2758 | D:3      | 2758 ||| READING scroll labelled SUVVEULEVE.
  2759 | D:3      | 2759 ||| READING scroll labelled QISECE JUZAETH.
  2759 | D:3      | 2759 ||| ENCHANTING +0 shortbow.
  2760 | D:3      | 2760 ||| READING 2 scrolls labelled RIJECUNTADGH.
  2761 | D:3      | 2761 ||| DROPPING potion of attraction.
  2762 | D:3      | 2762 ||| DROPPING scroll of fog.
  2889 | D:4      | Noticed a black bear
  2897 | D:4      | Killed a black bear
  2898 | D:4      | Reached skill level 6 in Ranged Weapons
  2898 | D:4      | Reached XP level 6. HP: 23/30 MP: 7/7
  2898 | D:4      | 2898 ||| FLEEEEING.
  2899 | D:4      | 2899 ||| FLEEEEING.
  2903 | D:4      | 2903 ||| FLEEEEING.
  2966 | D:4      | HP: 4/30 [orc priest/divine providence (14)]
  2967 | D:4      | 2967 ||| DRINKING potion of heal wounds.
  2968 | D:4      | 2968 ||| RETREEEEATING.
  2969 | D:4      | 2969 ||| RETREEEEATING.
  2970 | D:4      | 2970 ||| RETREEEEATING.
  2971 | D:4      | 2971 ||| RETREEEEATING.
  2972 | D:4      | 2972 ||| RETREEEEATING.
  2973 | D:4      | 2973 ||| RETREEEEATING.
  2974 | D:4      | 2974 ||| RETREEEEATING.
  2975 | D:4      | 2975 ||| RETREEEEATING.
  2979 | D:4      | HP: 2/30 [orc priest/divine providence (14)]
  2980 | D:4      | Killed from afar by an orc priest

Levels and vault maps discovered:
D:1:      dpeg_arrival_connections, layout_basic
D:2:      layout_basic
D:3:      wad_pebble_path, layout_loops_corners, mainiacjoe_overflow_paths,
          pf_guarded_unrand_meek
D:4:      layout_basic, nzn_wu_jian_council_hall, kennysheep_little_box

Skill      XL: |  1  2  3  4  5 |
---------------+----------------+-----
Dodging        | 3 4 5 |  5.4
Ranged Weapons | 5 6 |  6.3
Fighting       | 2 |  2.1
Stealth        | |  1.5

Action                     |  1- 3 |  4- 6 || total
---------------------------+-------+-------++-------
   Fire: Shortbow          |    92 |   151 ||   243
    Use: Scroll            |     3 |     8 ||    11
         Potion            |       |     1 ||     1
 Armour: Robe              |    12 |    16 ||    28
  Dodge: Dodged            |    44 |    37 ||    81

Table legend:
 A = Non-vault XP
 B = Vault XP
 C = Vault XP percentage of total XP
 D = Non-vault monster count
 E = Vault monster count
 F = Vault count percentage of total count
                 A         B        C        D         E       F
            +---------+---------+-------+---------+---------+-------
      Total |     407 |      56 |  12.1 |      68 |       6 |   8.1
            +---------+---------+-------+---------+---------+-------
        D:1 |      48 |       0 |   0.0 |      29 |       0 |   0.0
        D:2 |      91 |       0 |   0.0 |      17 |       0 |   0.0
        D:3 |      71 |      56 |  44.1 |      13 |       6 |  31.6
        D:4 |     197 |       0 |   0.0 |       9 |       0 |   0.0
            +---------+---------+-------+---------+---------+-------
